 Dungeon Sprint DCSS version 0.30-a0-605-gb2882149bf (webtiles) character file.

Game seed: 15276675812737415208

243 NinjaNoafa the Magician (level 6, -2/53 HPs)
             Began as a Gnoll Warper on Jan 7, 2023.
             Was a High Priest of Cheibriados.
             Slain by a gnoll
             ... wielding a +0 spear
             ... led by a gnoll sergeant
              (7 damage)
             ... in the Dungeon (Sprint VII: "The Pits").
             The game lasted 00:03:19 (506 turns).

NinjaNoafa the Magician (Gnoll Warper)               Turns: 506, Time: 00:03:20

Health: -2/53      AC:  0    Str: 24    XL:     6   Next: 9%
Magic:  3/15       EV: 17    Int: 29    God:    Cheibriados [*****.]
Gold:   0          SH:  0    Dex: 25    Spells: 3/18 levels left

rFire   . . .      SeeInvis .    f - +4 long sword (holy)
rCold   . . .      Faith    .    (no shield)
rNeg    . . .      Spirit   .    b - +0 leather armour
rPois   .          Reflect  .    (no helmet)
rElec   .          Harm     .    (no cloak)
rCorr   .          Rampage  .    (no gloves)
Will    .....      NoTele   +    (no boots)
Stlth   +++                      (no amulet)
HPRegen 0.28/turn                (no ring)
MPRegen 0.14/turn                (no ring)

@: corroded, on berserk cooldown, slowed, very slow
A: fangs 1, strong nose, distributed training
a: Renounce Religion, Bend Time, Temporal Distortion, Slouch, Step From Time


You were in the Dungeon.
You worshipped Cheibriados.
Cheibriados was extremely pleased with you.
You visited 1 branch

Inventory:

Hand Weapons
 f - a +4 long sword of holy wrath (weapon)
Missiles
 d - 7 boomerangs of dispersal (quivered)
Armour
 b - a +0 leather armour (worn)
Scrolls
 c - 2 scrolls of blinking
 k - 5 scrolls of amnesia
 l - a scroll of butterflies
 m - 2 scrolls of vulnerability
Potions
 a - 2 potions of invisibility
 e - 6 potions of curing
 g - a potion of haste
 h - 4 potions of magic
 i - a potion of berserk rage
 j - 3 potions of heal wounds


   Skills:
 + Level 6.3 Fighting
 + Level 4.3 Short Blades
 + Level 6.3 Long Blades
 + Level 4.3 Axes
 + Level 4.3 Maces & Flails
 + Level 4.3 Polearms
 + Level 4.3 Staves
 + Level 4.3 Ranged Weapons
 + Level 5.1 Throwing
 + Level 5.1 Armour
 + Level 6.3 Dodging
 + Level 4.3 Stealth
 + Level 4.3 Shields
 + Level 4.3 Unarmed Combat
 + Level 6.7 Spellcasting
 + Level 3.5 Conjurations
 + Level 3.5 Hexes
 + Level 3.5 Summonings
 + Level 3.5 Necromancy
 + Level 6.6 Translocations
 + Level 3.5 Transmutations
 + Level 3.5 Fire Magic
 + Level 3.5 Ice Magic
 + Level 3.5 Air Magic
 + Level 3.5 Earth Magic
 + Level 3.5 Poison Magic
 + Level 4.7 Invocations
 + Level 4.3 Evocations


You had 3 spell levels left.
You knew the following spells:

 Your Spells              Type           Power      Damage    Failure   Level
a - Blink                 Tloc           96%        N/A       1%          2
b - Lesser Beckoning      Tloc           96%        N/A       1%          3
c - Manifold Assault      Tloc           48%        N/A       3%          4
d - Vhi's Electric Charg  Tloc/Air       78%        N/A       2%          3
e - Teleport Other        Tloc           48%        N/A       1%          3

Your spell library contained the following spells:

 Spells                   Type           Power      Damage    Failure   Level


Dungeon Overview and Level Annotations

Branches:
Dungeon (1/1)

Altars:
Ashenzari
Cheibriados
Dithmenos
Elyvilon
Fedhas
Gozag
Hepliaklqana
Kikubaaqudgha
Makhleb
Nemelex Xobeh
Okawaru
Qazlal
Ru
Sif Muna
Trog
Uskayaw
Vehumet
Wu Jian
Xom
Yredelemnul
Zin
The Shining One
Jiyva
Lugonu


Innate Abilities, Weirdness & Mutations

You have very sharp teeth.
Your uncanny sense of smell can sniff out nearby items.
Your experience applies equally to all skills.


Message History

Cheibriados raises the support of your attributes as your movement slows.
You completely miss the orc. You bite the orc.
The orc is severely wounded.
The gnoll sergeant misses you. The orc completely misses you.
You closely miss the orc.
The orc is severely wounded.
The gnoll sergeant closely misses you. The orc closely misses you.
You hit the orc.
You kill the orc!
Cheibriados appreciates the change of pace.
Cheibriados raises the support of your attributes as your movement slows.
The gnoll sergeant hits you from afar with a +0 spear!
You slice the orc!!
You kill the orc!
Cheibriados thoroughly appreciates the change of pace.
Cheibriados raises the support of your attributes as your movement slows.
The orc priest calls down the wrath of Beogh upon you.
Beogh smites you!
The gnoll sergeant completely misses you.
The gnoll hits you from afar with a +0 spear!
The gnoll sergeant barely misses you. The orc priest closely misses you.
The gnoll sergeant hits you with a +0 spear.
The gnoll misses you.
The orc priest hits you with a +0 flail!
* * * LOW HITPOINT WARNING * * *
There is an open door, spattered with blood here.
Items here: ))) [ †.
You slash the orc priest!
The orc priest is almost dead.
You are no longer berserk.
You are exhausted.
You feel yourself slow down. The orc priest barely misses you.
The gnoll completely misses you.
The gnoll sergeant hits you with a +0 spear!
* * * LOW HITPOINT WARNING * * *
You hit the orc priest.
You kill the orc priest!
Cheibriados thoroughly appreciates the change of pace.
The gnoll hits you from afar with a +0 spear!
You die...

#.#...#)#[[##.....
#.#.÷.#)#))#####'#
#.#...).#))##.....
#.##'####))##.....
#.#.....#..##.....
#.#.....#'###...<.
#.#........##.....
#.#........##.....
#@###########.....
#)g.....# ######
#gg###..#
#)......# ∆∆
##.###.## ∆ ..)
..## ... ####


You could see a gnoll sergeant and 2 gnolls.

Vanquished Creatures
  Blork the orc (D)
  A scorpion (D)
  A jelly (D)
  2 orc priests (D)
  2 gnolls (D)
  2 river rats (D)
  A white imp (D)
  6 orcs (D)
  A goblin (D)
  2 hobgoblins (D)
  A bat (D)
  A kobold (D)
21 creatures vanquished.

Notes
Turn   | Place    | Note
-------+----------+-------------------------------------------
     0 | D        | NinjaNoafa the Gnoll Warper began the quest for the Orb.
     0 | D        | Reached XP level 1. HP: 20/20 MP: 6/6
    41 | D        | Found a glowing golden altar of the Shining One.
    41 | D        | Found a glowing silver altar of Zin.
    41 | D        | Found a basalt altar of Yredelemnul.
    41 | D        | Found a shimmering altar of Xom.
    41 | D        | Found an ornate altar of the Wu Jian Council.
    41 | D        | Found a bloodstained altar of Trog.
    41 | D        | Found a shimmering blue altar of Sif Muna.
    41 | D        | Found a sacrificial altar of Ru.
    41 | D        | Found a stormy altar of Qazlal.
    41 | D        | Found an iron altar of Okawaru.
    41 | D        | Found a sparkling altar of Nemelex Xobeh.
    41 | D        | Found a burning altar of Makhleb.
    41 | D        | Found a viscous altar of Jiyva.
    41 | D        | Found a hazy altar of Hepliaklqana.
    41 | D        | Found an opulent altar of Gozag.
    41 | D        | Found a blossoming altar of Fedhas.
    41 | D        | Found a white marble altar of Elyvilon.
    41 | D        | Found a shadowy altar of Dithmenos.
    41 | D        | Found a snail-covered altar of Cheibriados.
    42 | D        | Found a radiant altar of Vehumet.
    42 | D        | Found a corrupted altar of Lugonu.
    43 | D        | Found a hide-covered altar of Uskayaw.
    43 | D        | Found an ancient bone altar of Kikubaaqudgha.
    43 | D        | Found a broken altar of Ashenzari.
    51 | D        | Became a worshipper of Cheibriados the Contemplative
    70 | D        | Reached skill level 1 in Short Blades
    70 | D        | Reached skill level 1 in Axes
    70 | D        | Reached skill level 1 in Maces & Flails
    70 | D        | Reached skill level 1 in Polearms
    70 | D        | Reached skill level 1 in Staves
    70 | D        | Reached skill level 1 in Ranged Weapons
    70 | D        | Reached skill level 1 in Stealth
    70 | D        | Reached skill level 1 in Shields
    70 | D        | Reached skill level 1 in Unarmed Combat
    70 | D        | Reached skill level 5 in Spellcasting
    70 | D        | Reached skill level 1 in Conjurations
    70 | D        | Reached skill level 1 in Hexes
    70 | D        | Reached skill level 1 in Summonings
    70 | D        | Reached skill level 1 in Necromancy
    70 | D        | Reached skill level 1 in Transmutations
    70 | D        | Reached skill level 1 in Fire Magic
    70 | D        | Reached skill level 1 in Ice Magic
    70 | D        | Reached skill level 1 in Air Magic
    70 | D        | Reached skill level 1 in Earth Magic
    70 | D        | Reached skill level 1 in Poison Magic
    70 | D        | Reached skill level 1 in Invocations
    70 | D        | Reached skill level 1 in Evocations
    70 | D        | Reached XP level 2. HP: 12/26 MP: 8/8
    76 | D        | Learned a level 2 spell: Blink
   135 | D        | Noticed a scorpion
   142 | D        | Killed a scorpion
   142 | D        | Reached * piety under Cheibriados
   143 | D        | Reached skill level 5 in Fighting
   143 | D        | Reached skill level 5 in Long Blades
   143 | D        | Reached skill level 5 in Dodging
   143 | D        | Reached XP level 3. HP: 24/33 MP: 7/10
   143 | D        | Reached XP level 4. HP: 28/39 MP: 7/11
   294 | D        | Reached ** piety under Cheibriados
   305 | D        | Reached *** piety under Cheibriados
   306 | D        | Reached XP level 5. HP: 19/46 MP: 11/13
   316 | D        | Reached **** piety under Cheibriados
   420 | D        | Learned a level 3 spell: Lesser Beckoning
   424 | D        | Learned a level 3 spell: Teleport Other
   428 | D        | Learned a level 3 spell: Vhi's Electric Charge
   433 | D        | Learned a level 4 spell: Manifold Assault
   483 | D        | Noticed Blork the orc
   486 | D        | Killed Blork the orc
   491 | D        | Reached ***** piety under Cheibriados
   498 | D        | Reached skill level 5 in Throwing
   498 | D        | Reached skill level 5 in Armour
   498 | D        | Reached XP level 6. HP: 53/53 MP: 1/15
   506 | D        | Slain by a gnoll

Illustrated notes

Levels and vault maps discovered:
D:        pitsprint [storerooms_1, entrance_room_1, metal_vault_2, armoury_1,
          mini_pit_1, grid_room_1, main_hall_1, silver_pit, the_coven_3,
          the_vestibule_1, steel_vault_4, golden_pit, hallway_of_sentries,
          crystal_vault_5, iron_vault_4, final_vault]

Skill      XL: |  1  2  3  4  5 |
---------------+----------------+-----
Short Blades   | 1 2 3 4 |  4.3
Axes           | 1 2 3 4 |  4.3
Maces & Flails | 1 2 3 4 |  4.3
Polearms       | 1 2 3 4 |  4.3
Staves         | 1 2 3 4 |  4.3
Ranged Weapons | 1 2 3 4 |  4.3
Stealth        | 1 2 3 4 |  4.3
Shields        | 1 2 3 4 |  4.3
Unarmed Combat | 1 2 3 4 |  4.3
Spellcasting   | 5 6 |  6.7
Conjurations   | 1 2 3 |  3.5
Hexes          | 1 2 3 |  3.5
Summonings     | 1 2 3 |  3.5
Necromancy     | 1 2 3 |  3.5
Transmutations | 1 2 3 |  3.5
Fire Magic     | 1 2 3 |  3.5
Ice Magic      | 1 2 3 |  3.5
Air Magic      | 1 2 3 |  3.5
Earth Magic    | 1 2 3 |  3.5
Poison Magic   | 1 2 3 |  3.5
Invocations    | 1 2 3 4 |  4.7
Evocations     | 1 2 3 4 |  4.3
Fighting       | 5 6 |  6.3
Long Blades    | 5 6 |  6.3
Throwing       | 3 4 5 |  5.1
Armour         | 3 4 5 |  5.1
Dodging        | 5 6 |  6.3
Translocations | 6 |  6.6

Action                   |  1- 3 |  4- 6 || total
-------------------------+-------+-------++-------
Melee: Falchion          |    15 |    32 ||    47
       Bite              |     2 |     4 ||     6
       Punch             |       |     1 ||     1
       Long sword        |       |    18 ||    18
 Cast: Blink             |     1 |       ||     1
       Manifold Assault  |       |     2 ||     2
       Teleport Other    |       |     1 ||     1
       Vhi's Electric Ch |       |     1 ||     1
  Use: Potion            |     2 |     3 ||     5
Armor: Leather armour    |       |    10 ||    10
Dodge: Dodged            |     8 |    55 ||    63

Table legend: (Time is in decaauts)
 A = Elapsed time spent in this place.
 B = Non-inter-level travel time spent in this place.
 C = Inter-level travel time spent in this place.
 D = Time resting spent in this place.
 E = Time spent auto-exploring this place.
 F = Levels seen in this place.
 G = Mean time per level.
                   A        B        C        D        E       F      G
               +--------+--------+--------+--------+--------+-----+--------+
         Total |    566 |    551 |     15 |    289 |     64 |   1 |  566.0 |
       Dungeon |    566 |    551 |     15 |    289 |     64 |   1 |  566.0 |
               +--------+--------+--------+--------+--------+-----+--------+

Top non-repeatable levels by time:
       D: 566 daAuts
